 Dungeon Crawl Stone Soup version 0.21.0-3-g78d12a8 (webtiles) character file.

620 Suckerboh the Slasher (level 7, -1/56 HPs)
             Began as a Formicid Abyssal Knight on Jan 15, 2018.
             Was a Priest of Lugonu.
             Slain by an ogre
             ... wielding a +0 giant club
              (23 damage)
             ... on level 5 of the Dungeon.
             The game lasted 00:08:37 (5762 turns).

Suckerboh the Slasher (Formicid Abyssal Knight)     Turns: 5762, Time: 00:08:38

Health: -1/56      AC: 10    Str: 17    XL:     7   Next: 75%
Magic:  8/8        EV:  7    Int: 11    God:    Lugonu [***...]
Gold:   281        SH:  0    Dex: 12    Spells: 6/6 levels left

rFire    . . .     SeeInvis +   a - +1 falchion
rCold    . . .     Gourm    .   (no shield)
rNeg     . . .     Faith    .   o - +0 chain mail
rPois    .         Spirit   .   (helmet unavailable)
rElec    .         Reflect  .   k - scarf {cloud immunity}
rCorr    .         Harm     .   (no gloves)
MR       .....                  n - +0 pair of boots
Stlth    ..........             (no amulet)
HPRegen  0.18/turn              j - ring of teleportation (curse)
MPRegen  0.11/turn              t - ring of see invisible

@: no status effects
A: permanent stasis, dig shafts and tunnels, four strong arms, antennae 3
a: Dig, Shaft Self, Depart the Abyss, Bend Space, Banish, Renounce Religion


You were on level 5 of the Dungeon.
You worshipped Lugonu.
Lugonu was most pleased with you.
You were very hungry.

You visited 1 branch of the dungeon, and saw 5 of its levels.
You visited the Abyss 1 time.

You collected 281 gold pieces.

Inventory:

Hand Weapons
 a - a +1 falchion (weapon)
 u - a +0 blowgun
 A - a +0 long sword
Missiles
 v - 27 poisoned needles
Armour
 b - a +0 leather armour
 k - a scarf of cloud immunity (worn)
 n - a +0 pair of boots (worn)
 o - a +0 chain mail (worn)
Jewellery
 j - a cursed ring of teleportation (left hand)
 t - a ring of see invisible (right hand)
Wands
 q - a wand of random effects (73)
 r - a wand of acid (6)
Scrolls
 d - 6 scrolls of teleportation {unknown}
 f - 3 scrolls of remove curse {unknown}
 g - 2 scrolls of enchant weapon {unknown}
 h - 3 scrolls of immolation {unknown}
 i - 4 scrolls of identify {unknown}
 p - a scroll of fog {unknown}
 s - a scroll of amnesia {unknown}
 w - a scroll of fear {unknown}
 y - a scroll of noise {unknown}
Potions
 e - 4 potions of curing {unknown}
 l - 2 potions of brilliance {unknown}
 m - a potion of invisibility {unknown}
 x - 2 potions of heal wounds {unknown}
 z - a potion of berserk rage {unknown}
 B - a potion of haste {unknown}
Comestibles
 c - 10 rations


   Skills:
 + Level 5.6 Fighting
 * Level 5.9 Long Blades
 + Level 4.1 Armour
 + Level 1.1 Dodging
 + Level 0.2 Stealth
 + Level 2.3 Invocations


You had 6 spell levels left.
You didn't know any spells.

Dungeon Overview and Level Annotations

Branches:
Dungeon (5/15)             Temple (0/1) D:5

Altars:
Ashenzari
Dithmenos

Annotations:
D:3 MTVSty1e's ghost, amateur GrFi


Innate Abilities, Weirdness & Mutations

You cannot be hasted, slowed, berserked, paralysed or teleported.
You can dig through walls and to a lower floor.
Your four strong arms can wield two-handed weapons with a shield.
You have a pair of large antennae on your head. (SInv)


Message History

The ogre barely misses you.
You riposte.
A jackal comes into view.
The jackal barks!
You hit the ogre.
The ogre is moderately wounded.
You hit the ogre.
The ogre is moderately wounded.
The ogre hits you with a giant club!
You hit the ogre.
The ogre is heavily wounded.
The crimson imp blinks!
You slash the ogre!
The ogre is severely wounded.
The ogre hits you but does no damage.
A jackal comes into view.
The jackal barks!
You hit the ogre.
The ogre is almost dead.
The ogre hits you with a giant club!!
You die...

#.......... ... #.
#......$..##### #.
#.......%... #. #.
#..#.#.#.#.#... # #.
#............#. #.##.
#..#.......#.#. #....
##............#.
####..##...#...>...#...
#.....@O.............#
...###.h##..#.......#.#
.....###...5.......#
###....##.#.#.#.#.#.#
##................##
#.#.######........#
#h#.# ##.......# #. ..
#..<.....
.#####.......#


You could see an ogre, a crimson imp and 2 jackals.

Vanquished Creatures
  An ice beast (D:5)
  A big kobold (D:4)
  A howler monkey (D:4)
  A crimson imp (D:4)
  A bullfrog zombie (D:3)
  A hound (D:4)
  2 worker ants
  Natasha (thrice) (D:2)
  8 adders
  A worm (D:2)
  3 dart slugs
  7 orcs (D:3)
  2 ball pythons
  5 bats
  7 giant cockroaches
  16 hobgoblins
  9 jackals
  3 quokkas
  7 frilled lizards
  9 goblins
  A jackal skeleton (D:4)
  17 kobolds
  10 rats
116 creatures vanquished.

Notes
Turn   | Place    | Note
-------+----------+-------------------------------------------
     0 | Abyss:1  | Suckerboh the Formicid Abyssal Knight began the quest for the Orb.
     0 | Abyss:1  | Reached XP level 1. HP: 18/18 MP: 2/2
    46 | Abyss:1  | Noticed a sun demon
    49 | Abyss:1  | Noticed a neqoxec
    54 | Abyss:1  | Noticed a starcursed mass
    61 | Abyss:1  | Noticed a crimson imp
    61 | D:1      | Escaped the Abyss
   283 | D:1      | Reached XP level 2. HP: 24/24 MP: 3/3
   360 | D:1      | Reached * piety under Lugonu
   624 | D:1      | Reached XP level 3. HP: 28/30 MP: 4/4
  1377 | D:2      | Noticed Natasha
  1391 | D:2      | Killed Natasha
  1391 | D:2      | Reached XP level 4. HP: 2/38 MP: 5/5
  1801 | D:2      | Reached skill level 5 in Fighting
  1801 | D:2      | Reached XP level 5. HP: 34/44 MP: 6/6
  2096 | D:2      | Noticed Natasha
  2102 | D:2      | Killed Natasha
  2429 | D:2      | Noticed Natasha
  2436 | D:2      | Killed Natasha
  2510 | D:3      | Found a shadowy altar of Dithmenos.
  2510 | D:3      | Found a shattered altar of Ashenzari.
  2525 | D:3      | Noticed MTVSty1e's ghost (amateur GrFi)
  2819 | D:3      | Reached ** piety under Lugonu
  2819 | D:3      | Reached XP level 6. HP: 50/51 MP: 7/7
  3277 | D:3      | Reached skill level 1 in Dodging
  3965 | D:4      | Reached *** piety under Lugonu
  4125 | D:4      | Reached skill level 5 in Long Blades
  4125 | D:4      | Reached XP level 7. HP: 26/56 MP: 8/8
  5130 | D:5      | Entered Level 5 of the Dungeon
  5143 | D:5      | Found a staircase to the Ecumenical Temple.
  5762 | D:5      | Slain by an ogre

Skill      XL: |  1  2  3  4  5  6  7 |
---------------+----------------------+-----
Fighting       | 4 5 |  5.6
Long Blades    | 3 5 |  5.9
Dodging        | 1 |  1.1
Armour         | 3 4 |  4.1
Stealth        | |  0.2
Invocations    | |  2.3

Action                   |  1- 3 |  4- 6 |  7- 9 || total
-------------------------+-------+-------+-------++-------
Melee: Falchion          |   110 |   234 |   147 ||   491
Invok: Depart the Abyss  |     1 |       |       ||     1
  Eat: Chunk             |     2 |     9 |     4 ||    15
Armor: Leather armour    |    27 |     5 |       ||    32
       Chain mail        |       |   146 |    83 ||   229
Dodge: Dodged            |    80 |    82 |    45 ||   207
       Rpst.: Falchion   |    28 |    29 |    17 ||    74
